 Dungeon Crawl Stone Soup version 0.30-a0-1082-g70414cbcbb (webtiles) character file.

Game seed: 5500083452476159286

50326 Newt the Basher (level 14, -4/86 HPs)
             Began as a Gargoyle Gladiator on Apr 16, 2023.
             Was the Champion of Okawaru.
             Slain by a cane toad (17 damage)
             ... on level 5 of the Lair of Beasts.
             The game lasted 00:27:41 (23826 turns).

Newt the Basher (Gargoyle Gladiator)               Turns: 23826, Time: 00:27:41

Health: -4/86      AC: 30    Str: 23    XL:     14   Next: 54%
Magic:  20/20      EV: 10    Int:  9    God:    Okawaru [******]
Gold:   1101       SH: 10    Dex: 11    Spells: 13/13 levels left

rFire   + + +      SeeInvis .    V - +0 demon whip (venom)
rCold   x . .      Faith    .    e - +0 kite shield {AC+3}
rNeg    + . .      Spirit   .    X - +0 fire dragon scales
rPois   ∞          Reflect  .    c - +0 helmet
rElec   +          Rampage  .    N - +0 cloak
rCorr   .                        o - +0 pair of gloves
Will    +++..                    p - +0 pair of boots
Stlth   +                        (no amulet)
HPRegen 0.34/turn                L - ring of protection from fire
MPRegen 0.17/turn                M - ring of willpower

@: marked, flying
A: sickness immunity, AC +10, big wings, negative energy resistance 1,
electricity resistance, torment resistance 1, petrification resistance,
camouflage 1, strong-willed 1, MP-powered wands
a: Renounce Religion, Heroism, Finesse, Duel


You were on level 5 of the Lair of Beasts.
You worshipped Okawaru.
Okawaru was exalted by your worship.
You visited 2 branches of the dungeon, and saw 18 of its levels.
You also visited: Bailey and Volcano.

You collected 1238 gold pieces.
You spent 137 gold pieces at shops.

Inventory:

Hand Weapons
 g - a +5 flail of freezing
 n - the +4 flail "Amucaqis" {venom, rPois rC- rN+}
   (Okawaru gifted it to you on level 5 of the Lair of Beasts)

   rC:        It makes you vulnerable to cold.
   rPois:     It protects you from poison.
   rN:        It protects you from negative energy.
 S - a +2 eveningstar of electrocution
 V - a +0 demon whip of venom (weapon)
Missiles
 h - 16 boomerangs (quivered)
 r - 26 poisoned darts
 E - 2 atropa-tipped darts
 G - a boomerang of dispersal
 J - 5 javelins
 R - a curare-tipped dart
Armour
 c - a +0 helmet (worn)
 e - a +0 kite shield of protection (worn)
 o - a +0 pair of gloves (worn)
 p - a +0 pair of boots (worn)
 N - a +0 cloak (worn)
 X - +0 fire dragon scales (worn)
 Y - a +3 ring mail of fire resistance
Jewellery
 j - a ring of flight
 L - a ring of protection from fire (left hand)
 M - a ring of willpower (right hand)
 P - a +6 ring of intelligence
Wands
 a - a wand of polymorph (5)
 b - a wand of quicksilver (2)
 w - a wand of roots (19)
 H - a wand of flame (20)
 K - a wand of digging (5)
Scrolls
 f - 4 scrolls of noise
 l - 2 scrolls of magic mapping
 s - 8 scrolls of teleportation
 v - 3 scrolls of blinking
 y - 5 scrolls of identify
 A - a scroll of amnesia
 B - a scroll of brand weapon
 D - 6 scrolls of fear
 O - 4 scrolls of fog
 U - a scroll of poison
Potions
 d - a potion of brilliance
 i - 4 potions of degeneration
 k - a potion of attraction
 m - 2 potions of mutation
 q - 2 potions of heal wounds
 t - 2 potions of ambrosia
 u - 5 potions of invisibility
 x - 3 potions of resistance
 z - 4 potions of flight
 C - 4 potions of might
 F - 2 potions of lignification
 I - 2 potions of berserk rage
 T - 2 potions of curing
 W - 2 potions of magic


   Skills:
 - Level 9.0 Fighting
 + Level 13.4 Maces & Flails
 - Level 10.0 Throwing
 - Level 10.0 Armour
 - Level 6.0 Dodging
 - Level 9.0 Shields
 - Level 9.0 Invocations
 - Level 6.0 Evocations


You had 13 spell levels left.
You didn't know any spells.
Your spell library contained the following spells:

 Spells                   Type           Power      Damage    Failure   Level
 Apportation              Tloc           0%         N/A       94%         1
 Kiss of Death            Conj/Necr      0%         2d5       94%         1
 Magic Dart               Conj           0%         1d3       94%         1
 Necrotise                Necr           0%         1d4       94%         1
 Shock                    Conj/Air       0%         1d3       94%         1
 Slow                     Hex            0%         N/A       94%         1
 Scorch                   Fire           0%         2d5       98%         2
 Searing Ray              Conj           0%         2d4       98%         2
 Confusing Touch          Hex            0%         N/A       100%        3
 Frozen Ramparts          Ice            0%         1d1       100%        3
 Portal Projectile        Hex/Tloc       0%         N/A       100%        3
 Swiftness                Air            0%         N/A       100%        3
 Vampiric Draining        Necr           0%         2d6       100%        3
 Airstrike                Air            0%         2d(0-16)  100%        4
 Anguish                  Hex/Necr       0%         N/A       100%        4
 Cause Fear               Hex            0%         N/A       100%        4
 Dispel Undead            Necr           0%         3d6       100%        4
 Flame Wave               Conj/Fire      0%         2d4       100%        4
 Fulminant Prism          Conj/Hex       0%         3d5       100%        4
 Ice Form                 Ice/Tmut       0%         N/A       100%        4
 Leda's Liquefaction      Hex/Erth       0%         N/A       100%        4
 Alistair's Intoxication  Tmut/Pois      0%         N/A       100%        5
 Borgnjor's Vile Clutch   Necr/Erth      0%         N/A       100%        5
 Eringya's Noxious Bog    Tmut/Pois      0%         N/A       100%        6
 Dragon Form              Tmut           0%         N/A       100%        7
 Enfeeble                 Hex            0%         N/A       100%        7
 Summon Small Mammal      Summ           Unusable   N/A       N/A         1
 Call Canine Familiar     Summ           Unusable   N/A       N/A         3
 Summon Ice Beast         Ice/Summ       Unusable   N/A       N/A         4
 Summon Cactus Giant      Summ           Unusable   N/A       N/A         6
 Dragon's Call            Summ           Unusable   N/A       N/A         9

Dungeon Overview and Level Annotations

Branches:
Dungeon (13/15)            Temple (0/1) D:5            Lair (5/5) D:9
  Swamp (0/4) Lair:3       Spider (0/4) Lair:3          Orc (0/2) D:9
 Bailey (visited)         Volcano (visited)
  Slime: Lair:4-5    Vaults: D:13-14

Altars:
Cheibriados
Dithmenos
Fedhas
Gozag
Kikubaaqudgha
Nemelex Xobeh
Okawaru
Ru
Sif Muna
Trog
Vehumet
Wu Jian
Yredelemnul
The Shining One

Shops:
D:4 **   D:10 !

Annotations:
D:4 1 runed translucent door
Lair:1 1 runed translucent door


Innate Abilities, Weirdness & Mutations

You are immune to sickness and miasma.
Your stone body is resilient. (AC +10)
You are immune to poison.
Your large and strong wings let you fly.
You resist negative energy. (rN+)
You are resistant to electric shocks. (rElec)
You are resistant to unholy torment.
You are immune to petrification.
Your skin changes colour to match your surroundings (Stealth+).
You are strong-willed. (Will+)
You expend magic power (3 MP) to strengthen your wands.


Message History

The black mamba bites you.
You closely miss the black mamba.
The black mamba is almost dead.
A black mamba comes into view.
The black mamba bites you but does no damage.
You hit the black mamba.
The black mamba is poisoned.
The black mamba is almost dead.
The black mamba bites you!
* * * LOW HITPOINT WARNING * * *
You whack the black mamba!
You kill the black mamba!
Okawaru accepts your kill. The black mamba misses you.
A basilisk comes into view.
You hit the cane toad but do no damage.
The cane toad is moderately wounded.
The black mamba bites you but does no damage.
The cane toad stings you but does no damage.
Unknown command.
You hit the black mamba.
The black mamba is poisoned.
The black mamba is lightly wounded.
The black mamba bites you but does no damage.
The cane toad stings you but does no damage.
You barely miss the black mamba. The black mamba bites you!
* * * LOW HITPOINT WARNING * * *
You closely miss the black mamba.
The black mamba bites you but does no damage.
You block the cane toad's attack.
Unknown command.
You whack the black mamba!
The black mamba looks as sick as possible!
The black mamba is moderately wounded.
The black mamba bites you.
* * * LOW HITPOINT WARNING * * *
You block the cane toad's attack. The black mamba closely misses you.
Unknown command.
You closely miss the black mamba.
The black mamba is moderately wounded.
You block the black mamba's attack. The cane toad stings you!
You die...

....P....+ ?......
#...# # ##...#
.###.#.lY##
.......YhY#
..##..#Yl## #####F#
# # ## ##@#.#
######## #.###S...#
##...#.#####.#...###
...........[.....#
.................#
....P#######.#....#
P..### ###...## #.##
#....# ##. ###
###### #...####..♣


You could see 4 elephants, a polar bear, a black mamba (extremely poisoned), a
cane toad and 2 basilisks.

Vanquished Creatures
  Nessos (Lair:4)
  Azrael (D:12)
  5 hydras
  2 catoblepae
  2 vault guards (Bailey)
  2 two-headed ogres (D:12)
  A boulder beetle (D:11)
  A skyshark (Lair:2)
  A sun demon (Volcano)
  A hell knight (Volcano)
  A skeletal warrior (D:13)
  2 ugly things (Volcano)
  2 oklob plants
  3 cyclopes
  2 manticores (D:11)
  11 elephants (Lair:3)
  3 centaur zombies (D:12)
  2 black mambas (Lair:5)
  11 cane toads
  2 torpor snails (Lair:3)
  A kobold demonologist (D:11)
  4 komodo dragons
  3 rime drakes
  Psyche (D:8)
  2 unseen horrors (D:12)
  The ghost of cforsyth the Caller, a novice OpSu (D:4)
  2 red devils (Volcano)
  2 burning bushes (Lair:4)
  2 trolls
  2 polar bears (Lair:1)
  2 hornets
  Prince Ribbit (Bailey)
  5 shadows (D:12)
  Sigmund (D:4)
  5 wraiths
  53 yaks
  5 wyverns
  2 vampires (D:12)
  3 fire elementals
  Grum (D:8)
  8 humans
  5 vampire mosquitoes
  3 swamp worms (Lair:3)
  A swamp worm (shapeshifter) (D:13)
  3 acid dragons (D:11)
  3 hell hounds
  18 water moccasins
  2 orc warriors
  2 sky beasts
  7 black bears
  13 wolves
  6 centaurs
  19 bullfrogs
  3 scorpions
  9 wights
  12 killer bees
  9 howler monkeys
  An electric eel (Lair:3)
  5 hounds
  2 jellies
  5 orc priests
  2 iguanas
  A gnoll bouda (D:4)
  9 orc wizards
  5 gnolls
  9 adders
  A river rat (D:4)
  2 shadow imps
  2 white imps
  3 ufetubi
  5 worms
  A dart slug (D:3)
  31 orcs
  8 ball pythons
  4 bats
  2 endoplasms
  8 giant cockroaches
  12 goblins
  5 hobgoblins
  4 jackals (D:1)
  5 quokkas
  4 frilled lizards
  6 kobolds
  4 rats
  A bush (Lair:1)
424 creatures vanquished.

Vanquished Creatures (others)
  A bullfrog (Lair:4)
  2 orcs (D:8)
  58 fungi
  37 plants
  15 withered plants
113 creatures vanquished.

Grand Total: 537 creatures vanquished

Notes
Turn   | Place    | Note
-------+----------+-------------------------------------------
     0 | D:1      | Newt the Gargoyle Gladiator began the quest for the Orb.
     0 | D:1      | Reached XP level 1. HP: 12/12 MP: 1/1
   159 | D:1      | Reached XP level 2. HP: 18/18 MP: 2/2
   799 | D:2      | Reached XP level 3. HP: 24/24 MP: 3/3
  1115 | D:2      | You are sucked into a shaft and drop 1 floor!
  1188 | D:3      | Reached XP level 4. HP: 25/29 MP: 4/4
  1287 | D:3      | Found an iron altar of Okawaru.
  1307 | D:3      | Reached skill level 4 in Maces & Flails
  1309 | D:3      | Became a worshipper of Warmaster Okawaru
  1586 | D:3      | Found a faded altar of an unknown god.
  2132 | D:4      | Noticed Sigmund
  2141 | D:4      | Killed Sigmund
  2142 | D:4      | Reached skill level 5 in Maces & Flails
  2142 | D:4      | Reached XP level 5. HP: 33/33 MP: 5/5
  2142 | D:4      | Reached XP level 6. HP: 38/38 MP: 6/6
  2179 | D:4      | Reached skill level 6 in Maces & Flails
  2476 | D:4      | Found a runed translucent door.
  2581 | D:4      | Found an opulent altar of Gozag.
  2588 | D:4      | Found Gozag's Platinum Reserve.
  2593 | D:4      | Found Olaejes's General Store.
  2601 | D:4      | Bought a scroll of magic mapping for 82 gold pieces
  2702 | D:4      | Found a runed translucent door.
  2703 | D:4      | Noticed cforsyth's ghost (novice OpSu)
  2822 | D:4      | Reached * piety under Okawaru
  2830 | D:4      | Reached XP level 7. HP: 34/43 MP: 7/7
  3092 | D:4      | Found an ancient bone altar of Kikubaaqudgha.
  3615 | D:4      | Killed cforsyth's ghost
  3616 | D:4      | Reached skill level 5 in Throwing
  3644 | D:5      | Entered Level 5 of the Dungeon
  3822 | D:5      | Found a staircase to the Ecumenical Temple.
  3849 | D:5      | Reached XP level 8. HP: 48/48 MP: 8/8
  3935 | D:5      | Reached skill level 1 in Shields
  4375 | D:5      | Reached ** piety under Okawaru
  5433 | D:7      | Reached skill level 5 in Shields
  5634 | D:7      | Found a shimmering blue altar of Sif Muna.
  5702 | D:7      | Reached skill level 5 in Fighting
  6026 | D:7      | Noticed a hornet
  6049 | D:7      | Killed a hornet
  6050 | D:7      | Reached skill level 7 in Maces & Flails
  6050 | D:7      | Reached XP level 9. HP: 31/55 MP: 9/9
  6811 | D:8      | Reached skill level 8 in Maces & Flails
  6816 | D:8      | Reached *** piety under Okawaru
  6843 | D:8      | Reached skill level 9 in Maces & Flails
  6843 | D:8      | Reached skill level 1 in Armour
  7513 | D:8      | Noticed Psyche
  7526 | D:8      | Killed Psyche
  7604 | D:8      | Reached skill level 5 in Armour
  7728 | D:8      | Reached **** piety under Okawaru
  7729 | D:8      | Reached skill level 1 in Evocations
  7739 | D:8      | Noticed Grum
  7764 | D:7      | Reached XP level 10. HP: 10/60 MP: 10/10
  8429 | D:8      | Killed Grum
  8429 | D:8      | Received a gift from Okawaru
  9052 | D:9      | Reached skill level 5 in Evocations
  9140 | D:8      | Reached skill level 1 in Invocations
  9583 | D:9      | Reached ***** piety under Okawaru
  9583 | D:9      | Received a gift from Okawaru
  9584 | D:9      | Reached skill level 5 in Invocations
  9994 | D:9      | Received a gift from Okawaru
 10000 | D:9      | Reached XP level 11. HP: 48/64 MP: 16/16
 10082 | D:9      | Found a staircase to the Lair.
 10130 | D:9      | Found a staircase to the Orcish Mines.
 10591 | D:10     | Entered Level 10 of the Dungeon
 10709 | D:10     | Found a flagged portal.
 10733 | Bailey   | Entered a bailey
 11228 | Bailey   | Noticed a vault guard
 11244 | Bailey   | Killed a vault guard
 11329 | Bailey   | Noticed a vault guard
 11329 | Bailey   | Noticed Prince Ribbit
 11350 | Bailey   | Killed a vault guard
 11353 | Bailey   | Killed Prince Ribbit
 11828 | D:10     | Found a blossoming altar of Fedhas.
 11959 | D:10     | Found an ornate altar of the Wu Jian Council.
 11959 | D:10     | Found a bloodstained altar of Trog.
 11960 | D:10     | Found a glowing golden altar of the Shining One.
 11961 | D:10     | Found a basalt altar of Yredelemnul.
 11961 | D:10     | Found a sparkling altar of Nemelex Xobeh.
 11963 | D:10     | Found a shadowy altar of Dithmenos.
 11963 | D:10     | Found a radiant altar of Vehumet.
 11964 | D:10     | Found a snail-covered altar of Cheibriados.
 12174 | D:10     | Found Heyvu's Distillery.
 12186 | D:10     | Bought a potion of heal wounds for 55 gold pieces
 12421 | D:10     | Reached skill level 10 in Maces & Flails
 12478 | D:11     | Noticed a manticore
 12489 | D:11     | Killed a manticore
 12492 | D:11     | Noticed a manticore
 12507 | D:11     | Killed a manticore
 12507 | D:11     | Received a gift from Okawaru
 12508 | D:11     | Reached XP level 12. HP: 40/76 MP: 18/18
 12753 | D:11     | Reached skill level 11 in Maces & Flails
 13503 | D:11     | Noticed a boulder beetle
 13520 | D:11     | Killed a boulder beetle
 13520 | D:11     | Received a gift from Okawaru
 13774 | D:11     | Found a sacrificial altar of Ru.
 13964 | D:12     | Noticed Azrael
 14197 | D:12     | Killed Azrael
 14198 | D:12     | Reached skill level 12 in Maces & Flails
 14527 | D:12     | Noticed a two-headed ogre
 14536 | D:12     | Killed a two-headed ogre
 14595 | D:12     | Received a gift from Okawaru
 14817 | D:12     | Identified the +1 dagger of Ru, Burning {heavy, *Noise rC+
                  | rCorr}
 14875 | D:12     | Reached skill level 5 in Dodging
 15014 | D:12     | Noticed a two-headed ogre
 15029 | D:12     | Killed a two-headed ogre
 15270 | D:12     | Received a gift from Okawaru
 15808 | D:13     | Noticed a six-headed hydra
 15824 | D:13     | Reached XP level 13. HP: 67/80 MP: 19/19
 15828 | D:13     | Reached ****** piety under Okawaru
 16150 | Lair:1   | Entered Level 1 of the Lair of Beasts
 16608 | Lair:1   | Received a gift from Okawaru
 17563 | Lair:1   | Found a runed translucent door.
 18294 | Lair:2   | Reached skill level 10 in Throwing
 18479 | Lair:2   | Identified the +6 flail of Disharmony {freeze, Int+2}
 19463 | Lair:3   | Found a dark tunnel.
 19468 | Volcano  | Entered a volcano
 19686 | Volcano  | Identified the +2 scale mail "Weishriam" {*Corrode *Slow
                  | +Blink rN+++} (Okawaru gifted it to you in a volcano)
 19686 | Volcano  | Received a gift from Okawaru
 20510 | Lair:3   | Reached skill level 10 in Armour
 20599 | Lair:3   | Found a hole to the Spider Nest.
 20638 | Lair:3   | Gained mutation: Your large and strong wings let you fly.
                  | [Gargoyle growth]
 20638 | Lair:3   | Reached XP level 14. HP: 65/86 MP: 20/20
 20825 | Lair:3   | Found a staircase to the Swamp.
 21371 | Lair:3   | Received a gift from Okawaru
 21818 | Lair:4   | Identified the +5 trident of Fortitude {heavy, Will+ Int+2}
 21989 | Lair:4   | Noticed Nessos
 22409 | Lair:4   | Killed Nessos
 23096 | Lair:5   | Entered Level 5 of the Lair of Beasts
 23116 | Lair:5   | Gained mutation: Your skin changes colour to match your
                  | surroundings (Stealth+). [potion of mutation]
 23116 | Lair:5   | Gained mutation: You are strong-willed. (Will+) [potion of
                  | mutation]
 23116 | Lair:5   | Gained mutation: You expend magic power (3 MP) to
                  | strengthen your wands. [potion of mutation]
 23402 | Lair:5   | Identified the +4 flail "Amucaqis" {venom, rPois rC- rN+}
                  | (Okawaru gifted it to you on level 5 of the Lair of Beasts)
 23402 | Lair:5   | Received a gift from Okawaru
 23437 | Lair:5   | Reached skill level 13 in Maces & Flails
 23826 | Lair:5   | Slain by a cane toad

Illustrated notes

Levels and vault maps discovered:
D:1:      dpeg_arrival_refuge, layout_loops_ring, roderic_lattice_a,
          nicolae_eternal_life, minmay_surrounded
D:2:      layout_rooms
D:3:      layout_rooms, okawaru_ov_weapons_minmay, serial_co_window_serial,
          co_window_paths_b, co_window_paths_a, co_window_paths_a,
          co_window_cross_1, co_window_corner_a, co_window_paths_a,
          co_window_corner_a, co_window_unsneaky_path_e, co_window_corner_cb,
          co_window_broadway_a, co_window_unsneaky_path_c,
          co_window_unsneaky_path_c, co_window_paths_c, glass_columns_b,
          glass_columns_b, glass_columns_a, glass_columns_c, glass_columns_a,
          basic_ecumenical_altar, hex_intersection
D:4:      layout_layer_cave, nicolae_gozag_zags_fifth_avenue,
          old_standard_altar, ebering_ghost_sewer_f, serial_shops, shop,
          uniq_sigmund
D:5:      layout_loops_corners, temple_statues, lemuel_flame_loot_1
D:6:      layout_basic, patterned_corridor
D:7:      layout_basic, nicolae_sif_muna_little_library,
          minmay_misc_feat_enclosed, minmay_misc_feat_x
D:8:      layout_rooms, uniq_grum, uniq_psyche
D:9:      layout_basic, due_lair_maze_entry_diamond,
          minmay_orc_entry_temple_small
D:10:     layout_irregular_city, grunt_temple_overflow_open, fedhas_altar_2,
          serial_shops, nicolae_shop_window_shopping, enter_bailey_5
D:11:     layout_long_grid, nicolae_ru_path_of_blood
D:12:     layout_basic, serial_undead, serial_undead_e, serial_undead_c,
          serial_undead_c, serial_undead_e, uniq_azrael
D:13:     layout_irregular_city
Lair:1:   layout_long_grid, minmay_lair_oklob_items,
          pdpol_lair_cabin_in_the_woods, grunt_megastairs_5
Lair:2:   layout_regular_city
Lair:3:   layout_cave_pods, nicolae_swamp_entry_splash_gauntlet,
          nicolae_spider_entry_non_spiders, enter_volcano_4, st_stairs_7,
          infiniplex_staircase_pool_2, grunt_megastairs_2
Lair:4:   layout_big_grid, evilmike_ambush [evilmike_ambush_outer_basic,
          evilmike_ambush_inner_basic], serial_bayou_shore_b, uniq_nessos
Lair:5:   due_jungle_book, layout_long_grid, slime_entry_2

Skill      XL: |  1  2  3  4  5  6  7  8  9 10 11 12 13 14 |
---------------+-------------------------------------------+-----
Fighting       | 3 4 6 9 |  9.0
Maces & Flails | 5 6 7 9 10 12 13 | 13.4
Throwing       | 3 5 6 7 10 | 10.0
Shields        | 5 6 9 |  9.0
Armour         | 5 10 | 10.0
Evocations     | 2 6 |  6.0
Invocations    | 7 9 |  9.0
Dodging        | 6 |  6.0

Action                     |  1- 3 |  4- 6 |  7- 9 | 10-12 | 13-15 || total
---------------------------+-------+-------+-------+-------+-------++-------
  Melee: Flail             |   115 |   121 |   425 |   492 |       ||  1153
         Eveningstar       |       |       |       |   180 |    88 ||   268
         Demon whip        |       |       |       |       |   850 ||   850
  Throw: Dart              |       |     6 |       |    23 |     4 ||    33
         Throwing net      |       |     1 |     4 |     4 |       ||     9
         Boomerang         |       |       |     4 |    35 |    35 ||    74
         Javelin           |       |       |     3 |    14 |       ||    17
 Invoke: Heroism           |       |       |     2 |     3 |     3 ||     8
  Evoke: Wand              |       |       |       |       |     3 ||     3
    Use: Scroll            |     2 |     4 |    13 |     7 |     3 ||    29
         Potion            |       |       |     6 |     1 |     4 ||    11
   Stab: Held in net/web   |       |       |       |     3 |       ||     3
         Petrified         |       |       |       |       |     3 ||     3
         Invisible         |       |       |       |       |     2 ||     2
 Armour: Leather armour    |    61 |    37 |   180 |   431 |   137 ||   846
         Skin              |       |       |     2 |       |       ||     2
         Fire dragon scale |       |       |       |       |   354 ||   354
  Dodge: Dodged            |    88 |    66 |   208 |   324 |   374 ||  1060
  Block: Buckler           |       |    24 |   166 |    61 |       ||   251
         Kite shield       |       |       |       |   275 |   434 ||   709

Table legend: (Time is in decaauts)
 A = Elapsed time spent in this place.
 B = Non-inter-level travel time spent in this place.
 C = Inter-level travel time spent in this place.
 D = Time resting spent in this place.
 E = Time spent auto-exploring this place.
 F = Levels seen in this place.
 G = Mean time per level.
                   A        B        C        D        E       F      G
               +--------+--------+--------+--------+--------+-----+--------+
         Total |  23667 |  23146 |    521 |   6604 |  12731 |  20 | 1183.3 |
       Dungeon |  15352 |  14952 |    400 |   4003 |   8548 |  13 | 1180.9 |
          Lair |   6984 |   6863 |    121 |   2037 |   3782 |   5 | 1396.8 |
        Bailey |    924 |    924 |      0 |    413 |    274 |   1 |  924.0 |
       Volcano |    406 |    406 |      0 |    151 |    127 |   1 |  406.0 |
               +--------+--------+--------+--------+--------+-----+--------+

Top non-repeatable levels by time:
  Lair:3: 2191 daAuts
     D:7: 1986 daAuts
     D:8: 1869 daAuts
    D:11: 1715 daAuts
  Lair:1: 1680 daAuts
    D:12: 1582 daAuts
     D:4: 1530 daAuts
  Lair:2: 1523 daAuts
     D:9: 1411 daAuts
     D:5: 1057 daAuts
    D:10: 991 daAuts
  Bailey: 924 daAuts
  Lair:4: 924 daAuts
     D:3: 916 daAuts
     D:1: 785 daAuts
